 Dungeon Crawl Stone Soup version 0.28-a0-1234-g826d19b2e0 (webtiles) character file.

Game seed: 7048275488535454945

41 browni3141 the Chopper (level 3, 0/28 HPs)
             Began as a Palentonga Gladiator on Dec 23, 2021.
             Slain by Terence (9 damage)
             ... on level 2 of the Dungeon.
             The game lasted 00:02:10 (1451 turns).

browni3141 the Chopper (Palentonga Gladiator)       Turns: 1451, Time: 00:02:10

Health: 0/28       AC:  5    Str: 19    XL:     3   Next: 32%
Magic:  3/3        EV:  9    Int:  8    God:
Gold:   46         SH:  0    Dex: 11    Spells: 2/2 levels left

rFire   . . .      SeeInvis +   a - +0 war axe
rCold   . . .      Faith    .   (no shield)
rNeg    . . .      Spirit   .   b - +0 leather armour
rPois   .          Reflect  .   c - +0 helmet
rElec   .          Harm     .   (no cloak)
rCorr   .          Rampage  .   (no gloves)
Will    .....                   (no barding)
Stlth   +.........              (no amulet)
HPRegen 0.09/turn               (no ring)
MPRegen 0.08/turn               (no ring)

@: no status effects
A: large, rugged brown scales 3, see invisible, deformed body, roll 1, armoured
tail
a: Rolling Charge


You were on level 2 of the Dungeon.
You visited 1 branch of the dungeon, and saw 2 of its levels.

You collected 46 gold pieces.

Inventory:

Hand Weapons
 a - a +0 war axe (weapon)
Missiles
 d - 3 throwing nets
 e - 13 poisoned darts
Armour
 b - a +0 leather armour (worn)
 c - a +0 helmet (worn)
 g - a +0 plate armour
Scrolls
 f - 2 scrolls of magic mapping {unknown}
 h - 2 scrolls of identify {unknown}
Potions
 i - a potion of flight {unknown}
 j - a potion of attraction {unknown}
 k - a potion of brilliance {unknown}


   Skills:
 - Level 2.0 Fighting
 * Level 4.3 Axes
 - Level 1.4 Throwing
 - Level 2.4 Dodging


You had 2 spell levels left.
You didn't know any spells.
Your spell library contained the following spells:

 Spells                   Type           Power      Damage    Failure   Level
 Freeze                   Ice            0%         1d3       45%         1
 Frozen Ramparts          Ice            0%         1d2       83%         3
 Hailstorm                Conj/Ice       0%         3d3       99%         4


Dungeon Overview and Level Annotations

Branches:
Dungeon (2/15)

Altars:

Annotations:
D:2 Terence


Innate Abilities, Weirdness & Mutations

You are completely covered in rugged brown scales. (AC +3, +7% HP)
You have supernaturally acute eyesight. (SInv)
Armour fits poorly on your strangely shaped body.
You can roll at nearby foes to attack.
You have a long armoured tail.


Message History

You closely miss the kobold. You tail-slap the kobold.
You kill the kobold!
There's nothing you can charge at!
No target in view!
Things that are here:
a +0 dagger; 5 stones
Found a stone staircase leading down.
Terence the Incautious comes into view.
He is wielding a +0 mace.
There's nothing you can charge at!
You roll forward with a clatter of scales!
You barely miss Terence.
Your tail-slap misses Terence.
Terence barely misses you.
You slash Terence!
Terence is moderately wounded.
Terence hits you with a +0 mace.
You slash Terence!
Terence is severely wounded.
Terence hits you with a +0 mace!
You closely miss Terence.
Terence is severely wounded.
Terence hits you with a +0 mace. x2
You barely miss Terence.
Terence is severely wounded.
Terence hits you with a +0 mace.
You are too injured to fight recklessly!
You are too injured to fight recklessly!
You are too injured to fight recklessly!
You closely miss Terence. You tail-slap Terence.
Terence is almost dead.
Terence hits you with a +0 mace.
You hit Terence but do no damage.
Your tail-slap misses Terence.
Terence is almost dead.
Terence hits you but does no damage. Terence barely misses you.
You hit Terence but do no damage.
Terence is almost dead.
Terence hits you with a +0 mace.
You closely miss Terence.
Terence is almost dead.
Terence hits you with a +0 mace!
You die...

# #...##.#.#
#.#...##.#.###
..........>..#
#.#....#.###.#
#..........#.#
###.##.#.#.#.#
#.......#.#.#
#..#.##.# #.##########
#..#......#....@@....#
#..####.###..#######.#
##..).........#
.#...###.####.# .....#
#.# #..#.###.####.#
..............#
.#.#.###.###### .#.#.#


You could see Terence.

Vanquished Creatures
  A dart slug (D:1)
  4 endoplasms (D:1)
  A giant cockroach (D:1)
  2 goblins (D:1)
  4 hobgoblins (D:1)
  2 quokkas (D:1)
  4 ball pythons (D:1)
  5 bats (D:1)
  3 frilled lizards (D:1)
  5 kobolds
  7 rats (D:1)
38 creatures vanquished.

Notes
Turn   | Place    | Note
-------+----------+-------------------------------------------
     0 | D:1      | browni3141 the Palentonga Gladiator began the quest for the
                  | Orb.
     0 | D:1      | Reached XP level 1. HP: 17/17 MP: 1/1
   237 | D:1      | Reached XP level 2. HP: 20/23 MP: 2/2
   512 | D:1      | Reached skill level 4 in Axes
   630 | D:1      | Reached XP level 3. HP: 28/28 MP: 3/3
   668 | D:1      | Found a faded altar of an unknown god.
  1193 | D:1      | You fall into a shaft and drop 1 floor!
  1440 | D:2      | Noticed Terence
  1451 | D:2      | Slain by Terence

Illustrated notes

Levels and vault maps discovered:
D:1:      elethiomel_arrival_diamonds, layout_loops_ring, basic_ecumenical_altar
D:2:      layout_basic, basic_altar, minivault_11, uniq_terence

Skill      XL: |  1  2 |
---------------+-------+-----
Axes           | 4 |  4.3
Fighting       | |  2.0
Throwing       | |  1.4
Dodging        | |  2.4

Action                   || total
-------------------------++-------
Melee: War axe           ||    99
       Tailslap          ||    12
 Abil: Rolling Charge    ||    18
Armor: Leather armour    ||    41
Dodge: Dodged            ||    55

Table legend: (Time is in decaauts)
 A = Elapsed time spent in this place.
 B = Non-inter-level travel time spent in this place.
 C = Inter-level travel time spent in this place.
 D = Time resting spent in this place.
 E = Time spent auto-exploring this place.
 F = Levels seen in this place.
 G = Mean time per level.
                   A        B        C        D        E       F      G
               +--------+--------+--------+--------+--------+-----+--------+
         Total |   1482 |   1445 |     37 |      0 |   1202 |   2 |  741.0 |
       Dungeon |   1482 |   1445 |     37 |      0 |   1202 |   2 |  741.0 |
               +--------+--------+--------+--------+--------+-----+--------+

Top non-repeatable levels by time:
     D:1: 1410 daAuts
     D:2: 72 daAuts
